 Dungeon Crawl Stone Soup version 0.18-a0-1070-gd466a24 (webtiles) character file.

49 TriBird the Skirmisher (level 3, -3/31 HPs)
             Began as a Draconian Fighter on Jan 13, 2016.
             Was an Initiate of Nemelex Xobeh.
             Slain by a human (7 damage)
             ... on level 2 of the Dungeon.
             The game lasted 00:13:33 (947 turns).

TriBird the Skirmisher (Draconian Fighter)           Turns: 947, Time: 00:13:33

Health: -3/31      AC:  5    Str: 19    XL:     3   Next: 53%
Magic:  3/3        EV: 10    Int:  8    God:    Nemelex Xobeh [......]
Gold:   74         SH:  9    Dex: 10    Spells: 0 memorised, 2 levels left

rFire  . . .     SeeInvis .     p - +0 falchion
rCold  . . .     Gourm    .     (armour unavailable)
rNeg   . . .     Faith    .     b - +0 shield
rPois  .         Spirit   .     (helmet restricted)
rElec  .         Dismiss  .     (no cloak)
rCorr  .         Reflect  .     (no gloves)
SustAt .         Harm     .     (no boots)
MR     .....                    (no amulet)
Stlth  +.........               (no ring)
                                (no ring)

@: not resistant to hostile enchantments, very unstealthy
A: unfitting armour, cold-blooded, AC +5
a: Renounce Religion


You were on level 2 of the Dungeon.
You worshipped Nemelex Xobeh.
Nemelex Xobeh was noncommittal.
You were not hungry.

You visited 1 branch of the dungeon, and saw 2 of its levels.

You collected 74 gold pieces.

Inventory:

Hand Weapons
 a - a +0 war axe
 f - a +0 hand axe
 p - a +0 falchion (weapon)
Missiles
 g - 23 bolts
 m - 3 tomahawks (quivered)
 q - 18 stones
Armour
 b - a +0 shield (worn)
 e - a +0 ring mail
Scrolls
 k - a scroll of blinking {unknown}
 o - a scroll of magic mapping {unknown}
 r - 2 scrolls of teleportation {unknown}
 s - a scroll of enchant weapon {unknown}
 t - a scroll of amnesia {unknown}
Potions
 c - 2 potions of might
 l - 3 potions of agility {unknown}
 n - a potion of resistance {unknown}
Miscellaneous
 h - a plain deck of escape {drawn: 2}
 j - a plain deck of destruction {drawn: 1}
Comestibles
 d - a bread ration
 i - a slice of pizza


   Skills:
 + Level 3.5 Fighting
 + Level 2.0 Axes
 + Level 3.4 Dodging
 + Level 0.2 Stealth
 + Level 3.5 Shields
 + Level 0.2 Evocations


You had 2 spell levels left.
You didn't know any spells.

Dungeon Overview and Level Annotations

Branches:
Dungeon (2/15)

Altars:
Elyvilon
Nemelex Xobeh
Sif Muna
Yredelemnul


Innate Abilities, Weirdness & Mutations

Your plain brown scales are hard (AC +5).
Your body does not fit into most forms of armour.
You are cold-blooded and may be slowed by cold attacks.


Message History

The human is almost dead.
The human barely misses you.
You hit the human but do no damage.
The human is almost dead.
The human hits you but does no damage.
You completely miss the human. You tail-slap the human.
The human is almost dead.
The human hits you.
* * * LOW HITPOINT WARNING * * *
The human hits you.
* * * LOW HITPOINT WARNING * * *
You closely miss the human.
The human is almost dead.
The human hits you.
* * * LOW HITPOINT WARNING * * *
You closely miss the human.
The human is almost dead.
The human hits you!
You die...
Your body disappears without a glow.

####........
.#.###########...........
.....#...................
#.#...##................
##...........#........... .
<......###...###..†.....#
...##....#.#........#.##.##
.........#p#..†.##.##.##.#
#....@....###.#..##.#
#8.#####.8###...###.##
..s###...#####..........
#.#. #._.# ##.......... .. .
#...# ............ #. ..
##### ###.........
.........#########
#.........
#................#
#.........
#.............#.###.........


You could see a human and a giant cockroach.

Vanquished Creatures
  3 adders (D:2)
  A giant gecko (D:2)
  7 bats
  2 goblins (D:1)
  4 hobgoblins (D:1)
  3 giant newts
  A goblin skeleton (D:2)
  A kobold (D:1)
  2 rats
24 creatures vanquished.

Vanquished Creatures (others)
  A giant newt (D:2)
1 creature vanquished.

Grand Total: 25 creatures vanquished

Notes
Turn   | Place    | Note
--------------------------------------------------------------
     0 | D:1      | TriBird the Draconian Fighter began the quest for the Orb.
     0 | D:1      | Reached XP level 1. HP: 19/19 MP: 1/1
   104 | D:1      | Reached XP level 2. HP: 24/26 MP: 2/2
   342 | D:1      | Found a sparkling altar of Nemelex Xobeh.
   365 | D:1      | Became a worshipper of Nemelex Xobeh the Trickster
   408 | D:2      | Received a gift from Nemelex Xobeh
   470 | D:2      | Found a white marble altar of Elyvilon.
   470 | D:2      | Found a deep blue altar of Sif Muna.
   565 | D:2      | Reached XP level 3. HP: 20/31 MP: 3/3
   903 | D:2      | Found a runed door.
   903 | D:2      | Noticed a human
   912 | D:2      | Found a basalt altar of Yredelemnul.
   947 | D:2      | Slain by a human

Vault maps used:
D:1:      lightli_arrival_chessboard, st_stairs_9, interstate_on_off,
          minmay_misc_feat_hallway, nemelex_deck
D:2:      gammafunk_temple_overflow_pools, fiery_altar_vehumet,
          serial_bayou_pond_c, dk_yredelemnul_ordeal

Action                   || total
-------------------------++-------
Melee: War axe           ||    48
       Falchion          ||    60
Evoke: Deck              ||     3
  Use: Scroll            ||     1
